 Dungeon Crawl Stone Soup version 0.28-a0-514-g0d7ab7f379 (webtiles) character file.

Game seed: 5102125937201518744

662 robertstho the Magician (level 7, -12/50 HPs)
             Began as a Djinni Fire Elementalist on Sept 22, 2021.
             Killed by nerve-wracking pain
             ... invoked by Grinder
              (13 damage)
             ... on level 5 of the Dungeon.
             The game lasted 00:05:52 (5117 turns).

robertstho the Magician (Djinni Fire Elementalist)  Turns: 5117, Time: 00:05:52

Health: -12/50     AC:  3    Str:  7    XL:     7   Next: 87%
Gold:   153        EV: 11    Int: 19    God:
                   SH:  3    Dex: 13

rFire   + + .      SeeInvis .   f - +3 dagger (protect)
rCold   . . .      Faith    .   n - +0 buckler
rNeg    . . .      Spirit   .   a - +0 robe
rPois   ∞          Reflect  .   (no helmet)
rElec   .          Harm     .   j - +0 cloak
rCorr   .          Rampage  .   (no gloves)
Will    .....                   (boots unavailable)
Stlth   ++........              (no amulet)
HPRegen 0.16/turn               s - ring of wizardry
MPRegen 0.00/turn               q - ring of protection from cold

@: flying, studying Fighting
A: sickness immunity, fire resistance 2, cold vulnerability 1, float, innate
caster, hp casting, extra vitality 1
a: no special abilities


You were on level 5 of the Dungeon.
You visited 1 branch of the dungeon, and saw 5 of its levels.

You collected 153 gold pieces.

Inventory:

Hand Weapons
 e - a +0 dagger
 f - a +3 dagger of protection (weapon)
Armour
 a - a +0 robe (worn)
 j - a +0 cloak (worn)
 n - a +0 buckler (worn)
 t - a +0 helmet
Jewellery
 c - a +6 ring of dexterity
 q - a ring of protection from cold (right hand)
 s - a ring of wizardry (left hand)
Scrolls
 h - a scroll of fog {unknown}
 i - a scroll of teleportation {unknown}
 k - a scroll of vulnerability
 o - 4 scrolls of blinking {unknown}
 p - 3 scrolls of noise {unknown}
Potions
 b - a potion of heal wounds {unknown}
 d - 4 potions of curing {unknown}
 g - a potion of invisibility {unknown}
 l - 2 potions of lignification {unknown}
 m - a potion of ambrosia {unknown}
 r - a potion of attraction {unknown}


   Skills:
 * Level 3.1 Fighting
 + Level 2.5 Dodging
 + Level 2.0 Stealth
 + Level 0.3 Shields
 * Level 6.1 Spellcasting


You couldn't memorise any spells.
You knew the following spells:

 Your Spells              Type           Power      Damage    Failure   Level
a - Foxfire               Conj/Fire      100%       2x1d9     1%          1
b - Scorch                Fire           58%        2d8       1%          2
c - Conjure Flame         Conj/Fire      29%        6-21      1%          3
d - Inner Flame           Hex/Fire       29%        N/A       1%          3
e - Flame Wave            Conj/Fire      29%        3d7       6%          4
f - Pain                  Necr           100%       1d9       1%          1
g - Poisonous Vapours     Pois/Air       58%        N/A       1%          2
h - Spider Form           Tmut/Pois      14%        N/A       1%          3
Your spell library was empty.

Dungeon Overview and Level Annotations

Branches:
Dungeon (5/15)
 Temple: D:4-7

Altars:
Ashenzari

Shops:
D:3 (

Annotations:
D:5 Grinder


Innate Abilities, Weirdness & Mutations

You are immune to sickness and miasma.
You are immune to poison.
Your flesh is very heat resistant. (rF++)
You are vulnerable to cold. (rC-)
You float through the air rather than walking.
You learn spells naturally, not from books.
Your magical power is your life essence.
You have superior vitality. (+4 HP)


Message History

The flame wave engulfs Prince Ribbit!
Prince Ribbit is moderately wounded.
You hear a shout!
Prince Ribbit hits you.
A wave of flame ripples out!
The flame wave engulfs Prince Ribbit!
Prince Ribbit is heavily wounded.
The flame wave engulfs the gnoll!
You kill the gnoll!
You finish channelling waves of flame.
Prince Ribbit hits you. Grinder gestures at you. You resist with some effort.
Prince Ribbit barely misses you.
Casting: Flame Wave (dangerous; 8% risk of failure)
Confirm with . or Enter, or press ? or * to list all spells.
Casting: Flame Wave (dangerous; 8% risk of failure)
Press: ? - help, Dir - look around, f - activate A wave of flame ripples out!
The flame wave engulfs Prince Ribbit!
Prince Ribbit is almost dead. (Press . to intensify the flame waves.)
You hear a shout!
Prince Ribbit barely misses you.
A centaur comes into view.
A gnoll comes into view. It is wielding a +0 spear.
A wave of flame ripples out!
The flame wave engulfs Prince Ribbit!
You kill Prince Ribbit!
Prince Ribbit returns to his original shape as he dies.
* * * LOW HITPOINT WARNING * * *
You hear a shout!
The centaur wields a +0 shortbow.
The centaur shoots an arrow.
The arrow hits you!
* * * LOW HITPOINT WARNING * * *
Grinder gestures at you. You resist with some effort.
Your Fighting skill increases to level 3!
Your Stealth skill increases to level 2!
Your Spellcasting skill increases to level 6!
The centaur shoots an arrow.
The arrow hits you.
* * * LOW HITPOINT WARNING * * *
Grinder gestures at you. Pain shoots through your body!
You die...

. #:#####
.......#####
#...)....##
#)@)).5#
#.†..g..#
#.......g.
#.......##
.......##
##.#...## #c
#.## .. .#


You could see Grinder, a centaur and 2 gnolls.

Vanquished Creatures
  Prince Ribbit (D:5)
  An ogre (D:4)
  Blork the orc (D:5)
  An orc priest (D:4)
  A hound (D:5)
  9 gnolls
  7 adders
  An ufetubus (D:4)
  2 adder skeletons (D:4)
  A worm (D:2)
  A dart slug (D:1)
  4 orcs
  6 bats
  9 endoplasms
  5 giant cockroaches
  12 goblins
  5 hobgoblins
  4 jackals (D:1)
  5 kobolds
  3 quokkas
  6 ball pythons
  3 frilled lizards (D:1)
  6 rats
94 creatures vanquished.

Vanquished Creatures (others)
  390 foxfires
390 creatures vanquished.

Grand Total: 484 creatures vanquished

Notes
Turn   | Place    | Note
-------+----------+-------------------------------------------
     0 | D:1      | robertstho the Djinni Fire Elementalist began the quest for
                  | the Orb.
     0 | D:1      | Reached XP level 1. HP: 15/15 MP: 0/0
   331 | D:1      | Reached XP level 2. HP: 18/21 MP: 0/0
   530 | D:1      | Reached skill level 3 in Spellcasting
   971 | D:1      | Reached XP level 3. HP: 23/26 MP: 0/0
   971 | D:1      | Learned a level 1 spell: Pain
  1678 | D:1      | Found a faded altar of an unknown god.
  2164 | D:2      | Reached XP level 4. HP: 28/31 MP: 0/0
  2740 | D:2      | Reached skill level 1 in Fighting
  2902 | D:2      | Reached skill level 4 in Spellcasting
  2902 | D:2      | Reached XP level 5. HP: 32/37 MP: 0/0
  2902 | D:2      | Learned a level 2 spell: Poisonous Vapours
  3161 | D:2      | Identified a scroll of acquirement
  3161 | D:2      | Acquired a manual of Fighting
  3408 | D:3      | Found Zudang's Antique Weapon Shop.
  3568 | D:3      | Found a broken altar of Ashenzari.
  3754 | D:4      | Noticed an ogre
  3807 | D:4      | Killed an ogre
  3808 | D:4      | Reached XP level 6. HP: 36/43 MP: 0/0
  4416 | D:4      | Reached skill level 5 in Spellcasting
  5104 | D:5      | Entered Level 5 of the Dungeon
  5104 | D:5      | Noticed Blork the orc
  5108 | D:5      | Noticed Prince Ribbit
  5110 | D:5      | Reached XP level 7. HP: 44/49 MP: 0/0
  5110 | D:5      | Learned a level 3 spell: Spider Form
  5111 | D:5      | Noticed Grinder
  5113 | D:5      | Killed Blork the orc
  5116 | D:5      | Killed Prince Ribbit
  5117 | D:5      | Reached skill level 6 in Spellcasting
  5117 | D:5      | HP: 1/50 [centaur/arrow (6)]
  5117 | D:5      | Killed from afar by Grinder

Illustrated notes

Levels and vault maps discovered:
D:1:      erik_arrival_blinker_ship, layout_loops_ring,
          hellmonk_ecumenical_altar_dog_temple, hex_medium
D:2:      layout_basic, minmay_small_reverse_x
D:3:      layout_rooms, mainiacjoe_overflow_alcove_4, serial_shops,
          nicolae_shop_trees, lightli_corner_chamber
D:4:      cheibrodos_helix_gallery, layout_basic, minmay_puff
D:5:      layout_loops_ring, minitemple, gammafunk_ghost_cemetery,
          uniq_prince_ribbit1, uniq_grinder, uniq_blork_the_orc

Skill      XL: |  1  2  3  4  5  6  7 |
---------------+----------------------+-----
Spellcasting   | 3 4 5 6 |  6.1
Fighting       | 1 2 3 |  3.1
Stealth        | 2 |  2.0
Dodging        | |  2.5
Shields        | |  0.3

Action                   |  1- 3 |  4- 6 |  7- 9 || total
-------------------------+-------+-------+-------++-------
Melee: Unarmed           |     1 |       |       ||     1
       Dagger            |       |     1 |       ||     1
 Cast: Foxfire           |    94 |   147 |     2 ||   243
       Scorch            |       |    13 |       ||    13
       Poisonous Vapours |       |     1 |       ||     1
       Flame Wave        |       |       |     2 ||     2
  Use: Scroll            |       |     3 |       ||     3
Armor: Robe              |     9 |     2 |       ||    11
Dodge: Dodged            |    22 |    24 |     2 ||    48
Block: Buckler           |       |     4 |       ||     4

Table legend: (Time is in decaauts)
 A = Elapsed time spent in this place.
 B = Non-inter-level travel time spent in this place.
 C = Inter-level travel time spent in this place.
 D = Time resting spent in this place.
 E = Time spent auto-exploring this place.
 F = Levels seen in this place.
 G = Mean time per level.
                   A        B        C        D        E       F      G
               +--------+--------+--------+--------+--------+-----+--------+
         Total |   5112 |   4968 |    144 |     31 |   4318 |   5 | 1022.4 |
       Dungeon |   5112 |   4968 |    144 |     31 |   4318 |   5 | 1022.4 |
               +--------+--------+--------+--------+--------+-----+--------+

Top non-repeatable levels by time:
     D:1: 1810 daAuts
     D:2: 1368 daAuts
     D:4: 1348 daAuts
     D:3: 573 daAuts
     D:5: 12 daAuts
